 Dungeon Crawl Stone Soup version 0.30-a0-870-gc5d4c5acee (webtiles) character file.

Game seed: 3578086298806634594

40383 eruonna the Thaumaturge (level 14, -7/103 HPs)
             Began as a Merfolk Summoner on Mar 9, 2023.
             Was a High Priest of Makhleb.
             Mangled by an elephant (12 damage)
             ... on level 4 of the Lair of Beasts on Mar 11, 2023.
             The game lasted 01:29:21 (13739 turns).

eruonna the Thaumaturge (Merfolk Summoner)         Turns: 13739, Time: 01:29:23

Health: -7/103     AC: 11    Str: 12    XL:     14   Next: 10%
Magic:  24/37      EV: 13    Int: 16    God:    Makhleb [*****.]
Gold:   1251       SH:  0    Dex: 23    Spells: 17/34 levels left

rFire   + . .      SeeInvis .    o - +10 hand axe "Futinti" {freeze, Dex+3 Stlth+}
rCold   + . .      Faith    +    (no shield)
rNeg    . . .      Spirit   .    L - +2 steam dragon scales
rPois   .          Reflect  .    (no helmet)
rElec   .          Rampage  .    R - scarf {rC+ rF+}
rCorr   .                        n - +1 pair of gloves
Will    +....                    O - +0 pair of boots
Stlth   ++++                     y - amulet of faith
HPRegen 0.37/turn                D - +6 ring of dexterity
MPRegen 0.25/turn                G - ring of magical power

@: no status effects
A: (nimble swimmer 2), mertail, mutation resistance 1, passive freeze
a: Renounce Religion, Minor Destruction, Lesser Servant of Makhleb, Major
Destruction, Greater Servant of Makhleb


You were on level 4 of the Lair of Beasts.
You worshipped Makhleb.
Makhleb was extremely pleased with you.
You visited 4 branches of the dungeon, and saw 15 of its levels.
You also visited: Sewer and Bailey.

You collected 1427 gold pieces.
You spent 176 gold pieces at shops.

Inventory:

Hand Weapons
 h - a +0 dagger of venom
 l - a +2 dagger of holy wrath
 o - the +10 hand axe "Futinti" (weapon) {freeze, Dex+3 Stlth+}
   (You found it on level 4 of the Dungeon)

   Dex:       It affects your dexterity (+3).
   Stlth:     It makes you more stealthy.
 x - a +2 short sword of venom
 H - a +0 war axe
 J - a +3 battleaxe of freezing
Missiles
 f - 155 stones
Armour
 a - a +0 robe
 n - a +1 pair of gloves (worn)
 t - a +2 robe of the Archmagi
 z - a +0 cloak
 C - a +0 leather armour
 I - a +0 pair of gloves of stealth
 L - +2 steam dragon scales (worn)
 O - a +0 pair of boots (worn)
 R - a scarf of resistance (worn)
 S - the +0 leather armour of Anarchy {-Tele rElec Int+3}
   (You found it on level 4 of the Lair of Beasts)

   Int:       It affects your intelligence (+3).
   rElec:     It insulates you from electricity.
   -Tele:     It prevents most forms of teleportation.
Magical Staves
 k - a staff of air
Jewellery
 c - an amulet of guardian spirit
 y - an amulet of faith (around neck)
 D - a +6 ring of dexterity (left hand)
 F - a ring of protection from fire
 G - a ring of magical power (right hand)
 N - a +4 ring of protection
Wands
 j - a wand of acid (4)
 q - a wand of charming (12)
 K - a wand of flame (32)
 Q - a wand of digging (8)
Scrolls
 e - 2 scrolls of immolation
 v - 3 scrolls of teleportation
 w - 4 scrolls of fear
 E - 3 scrolls of identify
 M - a scroll of amnesia
 P - a scroll of fog
Potions
 b - 2 potions of magic
 d - 3 potions of flight
 g - 4 potions of attraction
 i - 7 potions of mutation
 m - 5 potions of curing
 p - 3 potions of degeneration
 r - 3 potions of brilliance
 s - a potion of resistance
 u - 2 potions of might
 A - 2 potions of lignification
 B - 3 potions of haste


   Skills:
 - Level 7.1 Fighting
 - Level 1.2 Short Blades
 - Level 8.6 Axes
 - Level 3.7 Armour
 - Level 2.6 Dodging
 - Level 2.1 Stealth
 - Level 10.7 Spellcasting
 - Level 4.2 Hexes
 + Level 10.2 Summonings
 - Level 10.4 Air Magic
 - Level 6.4 Invocations


You had 17 spell levels left.
You knew the following spells:

 Your Spells              Type           Power      Damage    Failure   Level
a - Summon Small Mammal   Summ           100%       N/A       1%          1
b - Call Imp              Summ           41%        N/A       1%          2
c - Call Canine Familiar  Summ           41%        N/A       1%          3
d - Summon Lightning Spi  Summ/Air       41%        N/A       1%          4
e - Airstrike             Air            21%        2d(3-19)  1%          4
f - Summon Guardian Gole  Hex/Summ       31%        N/A       1%          3

Your spell library contained the following spells:

 Spells                   Type           Power      Damage    Failure   Level
 Inner Flame              Hex/Fire       15%        N/A       11%         3
 Summon Ice Beast         Ice/Summ       24%        N/A       11%         4
 Summon Mana Viper        Hex/Summ       31%        N/A       12%         5
 Lightning Bolt           Conj/Air       12%        1d26      26%         5
 Flame Wave               Conj/Fire      8%         2d5       63%         4
 Sticky Flame             Conj/Fire      8%         2d3       63%         4
 Monstrous Menagerie      Summ           20%        N/A       73%         7


Dungeon Overview and Level Annotations

Branches:
Dungeon (9/15)             Temple (0/1) D:7            Lair (4/5) D:8
  Swamp (1/4) Lair:2       Spider (1/4) Lair:2        Sewer (visited)
 Bailey (visited)
  Slime: Lair:4-5       Orc: D:9-12

Altars:
Makhleb
Ru
Uskayaw
Xom
Yredelemnul
Lugonu

Shops:
D:3 (   D:4 (   D:6 !   D:7 [![

Portals:
Abyss: D:5

Annotations:
Lair:3 Fannar


Innate Abilities, Weirdness & Mutations

((You are very nimble when in or above water. (Stealth+, EV+, Speed+++)))
Your lower body shifts to a powerful aquatic tail in water.
You are somewhat resistant to further mutation.
A frigid envelope surrounds you and freezes all who hurt you.


Message History

Your smoke demon hits the elephant but does no damage.
Your smoke demon hits the elephant.
The elephant tramples your smoke demon!
Your smoke demon is shoved backwards!
Your smoke demon gestures at the elephant.
The elephant is smitten.
The elephant dies!
Makhleb accepts your kill.
Your lightning spire shoots out a bolt of lightning at the elephant!
The bolt of electricity hits the elephant!
The elephant dies!
Makhleb accepts your kill.
Your Summonings skill increases to level 10!
Your smoke demon hits the blink frog!
Your smoke demon closely misses the blink frog. x2
Your smoke demon gestures at the blink frog.
The sticky flame hits the blink frog!
The blink frog is covered in liquid flames!
The blink frog burns!
Your smoke demon closely misses the blink frog.
Your smoke demon hits the blink frog.
The blink frog dies!
Makhleb accepts your kill. The elephant attacks as you move away!
The elephant barely misses you.
The elephant trunk-slaps you but does no damage.
The elephant is very cold.
The elephant is severely wounded.
Okay, then.
Okay, then.
You hit the elephant. You freeze the elephant.
The elephant is almost dead.
The elephant tramples you!
* * * LOW HITPOINT WARNING * * *
You stumble backwards!
Aiming: Minor Destruction (1% risk of failure)
Press: ? - help, Shift-Dir - straight line, f - elephant
Aim: an elephant (almost dead, ally target)
The stone arrow hits the elephant!
The elephant is almost dead.
The elephant tramples you!
You die...

..#####.#÷÷.....###,,,,##.....P##
..................+,,,,*#Y.†...#.
................###,,,*##......##
...#...##........#*,,,*#..3......
,,*#...###.......#**,**##†.......
,,*#...###......########.......##
,###.#...........##..P#3......###
,#≈#....÷......................#.
.#≈#......<.....@Y......8≈≈≈≈....
.#≈#.....................≈.......
..≈..........>...........≈≈≈≈....
..~.....................>........
..~..............##...##.........
.###.##..#P.....P#P..##..........
.##..#..........###..##......##P.
.#..............##...###.....####
..........#.....###..##.....#####


You could see an elephant (ally target) and a friendly smoke demon (summoned).

Vanquished Creatures
  A hydra (Lair:4)
  3 skysharks
  2 bog bodies (Lair:2)
  A lindwurm (Lair:2)
  18 elephants
  5 black mambas
  4 cane toads
  2 komodo dragons
  A polar bear (Lair:3)
  A troll (D:9)
  14 blink frogs
  2 wyverns (Lair:3)
  Eustachio (D:4)
  12 yaks
  A basilisk (Lair:3)
  2 steam dragons (D:8)
  Menkaure (D:5)
  7 water moccasins
  A black bear (D:8)
  3 sky beasts
  An ice beast (D:5)
  3 orc warriors
  A centaur (D:8)
  An ogre (D:5)
  A phantom (D:6)
  10 kobold brigands
  7 bullfrogs
  A gnoll sergeant (D:7)
  2 scorpions
  5 wights (D:7)
  8 killer bees (D:8)
  3 electric eels
  A jelly (D:7)
  3 orc priests
  2 gnoll boudas
  2 hounds (D:7)
  5 iguanas
  3 orc wizards
  7 gnolls
  9 adders
  2 river rats (Sewer)
  5 white imps
  4 worms
  A dart slug (D:2)
  11 orcs
  5 endoplasms
  2 giant cockroaches (D:4)
  3 goblins
  4 hobgoblins
  2 jackals (D:3)
  4 quokkas
  7 ball pythons
  2 frilled lizards
  27 kobolds
  5 rats
241 creatures vanquished.

Vanquished Creatures (collateral kills)
  A hydra (Lair:2)
  A boulder beetle (Lair:2)
  10 elephants
  A komodo dragon (Lair:1)
  6 blink frogs
  2 yaks
  A basilisk (Lair:3)
  An orc warrior (D:8)
  A bullfrog (Lair:2)
  A wight (D:7)
  A killer bee (D:8)
  A gnoll (D:1)
  An adder (D:2)
  2 dart slugs (D:1)
  An orc (D:8)
  3 bats
  2 giant cockroaches (D:1)
  3 goblins (D:1)
  5 hobgoblins
  A jackal (D:3)
  7 kobolds
  3 quokkas
  2 ball pythons
  A frilled lizard (D:1)
  2 rats
60 creatures vanquished.

Vanquished Creatures (others)
  An elephant (Lair:3)
  A cane toad (Lair:3)
  A steam dragon (D:8)
  31 fungi
  31 plants
65 creatures vanquished.

Grand Total: 366 creatures vanquished

Notes
Turn   | Place    | Note
-------+----------+-------------------------------------------
     0 | D:1      | eruonna the Merfolk Summoner began the quest for the Orb.
     0 | D:1      | Reached XP level 1. HP: 13/13 MP: 3/3
   162 | D:1      | Reached XP level 2. HP: 19/19 MP: 1/5
   201 | D:1      | Learned a level 2 spell: Call Imp
   502 | D:1      | Reached skill level 5 in Summonings
   502 | D:1      | Reached XP level 3. HP: 21/24 MP: 0/6
  1140 | D:2      | Reached skill level 1 in Short Blades
  1140 | D:2      | Reached XP level 4. HP: 7/30 MP: 5/7
  1303 | D:2      | Upgraded the game from 0.30-a0-862-g1aabd4f9c5 to
                  | 0.30-a0-867-g305f33218d
  1602 | D:2      | Learned a level 3 spell: Call Canine Familiar
  2437 | D:3      | Found Wyosigok's Weapon Emporium.
  2654 | D:4      | Gained mutation: A frigid envelope surrounds you and
                  | freezes all who hurt you. [potion of mutation]
  2654 | D:4      | Gained mutation: You are somewhat resistant to further
                  | mutation. [potion of mutation]
  2698 | D:4      | You fall into a shaft and drop 1 floor!
  2698 | D:5      | Entered Level 5 of the Dungeon
  2708 | D:4      | Reached XP level 5. HP: 34/35 MP: 8/8
  2753 | D:4      | Noticed Eustachio
  2861 | D:4      | Found a glowing drain.
  2870 | Sewer    | Entered a sewer
  2974 | Sewer    | Noticed a kobold brigand
  2982 | Sewer    | Noticed a kobold brigand
  3208 | Sewer    | Killed a kobold brigand
  3209 | Sewer    | Reached XP level 6. HP: 23/41 MP: 9/11
  3585 | D:4      | Found Vuyschag's Weapon Emporium.
  3941 | D:4      | Identified the +10 hand axe "Futinti" {freeze, Dex+3
                  | Stlth+}
  4110 | D:4      | Identified the +1 plate armour "Ysaif" {Regen+ rCorr}
  4126 | D:4      | Killed Eustachio
  4127 | D:4      | Reached XP level 7. HP: 45/50 MP: 10/13
  4391 | D:5      | Reached skill level 1 in Axes
  4429 | D:5      | Found a burning altar of Makhleb.
  4464 | D:5      | Became a worshipper of Makhleb the Destroyer
  4685 | D:5      | Reached XP level 8. HP: 48/58 MP: 11/14
  4733 | D:5      | Found a one-way gate to the infinite horrors of the Abyss.
  4748 | D:5      | Noticed Menkaure
  4753 | D:5      | Killed Menkaure
  4767 | D:5      | Found a large runed translucent door.
  4767 | D:5      | Found a large runed translucent door.
  4819 | D:5      | Found a corrupted altar of Lugonu.
  4898 | D:5      | Found a basalt altar of Yredelemnul.
  4907 | D:5      | Found a hide-covered altar of Uskayaw.
  5682 | D:6      | Found Tabuw's Distillery.
  5691 | D:6      | Bought a potion of haste for 120 gold pieces
  5783 | D:6      | Reached * piety under Makhleb
  5901 | D:6      | Found a shimmering altar of Xom.
  6103 | D:7      | Found Maih's Armour Boutique.
  6204 | D:7      | Found Poett's Armour Shop.
  6204 | D:7      | Found Jiogon's Distillery.
  6443 | D:7      | Bought a potion of brilliance for 56 gold pieces
  6540 | D:7      | Found a flagged portal.
  6549 | D:7      | Reached skill level 5 in Axes
  6549 | D:7      | Reached XP level 9. HP: 59/66 MP: 15/15
  6550 | Bailey   | Entered a bailey
  6704 | Bailey   | Reached ** piety under Makhleb
  6719 | Bailey   | Found an iron altar of Okawaru.
  7077 | D:7      | Found a staircase to the Ecumenical Temple.
  7338 | D:7      | Reached skill level 1 in Air Magic
  7955 | D:8      | Reached XP level 10. HP: 58/73 MP: 16/16
  8056 | D:8      | Reached *** piety under Makhleb
  8115 | D:8      | Reached XP level 11. HP: 78/78 MP: 21/21
  8116 | D:8      | Reached XP level 12. HP: 91/91 MP: 22/22
  8122 | D:8      | Learned a level 4 spell: Summon Lightning Spire
  8127 | D:8      | Learned a level 4 spell: Airstrike
  8131 | D:8      | Learned a level 3 spell: Summon Guardian Golem
  8280 | D:8      | Reached skill level 1 in Hexes
  8508 | D:8      | Found a staircase to the Lair.
  8513 | Lair:1   | Entered Level 1 of the Lair of Beasts
  9122 | Lair:1   | Found a sacrificial altar of Ru.
  9798 | Lair:1   | Reached **** piety under Makhleb
 10302 | Lair:2   | Found a staircase to the Swamp.
 10323 | Swamp:1  | Entered Level 1 of the Swamp
 10369 | Lair:2   | You fall into a shaft and drop 2 floors!
 10446 | Lair:4   | Noticed a skyshark
 10481 | Lair:4   | Reached XP level 13. HP: 49/96 MP: 20/23
 10559 | Lair:4   | Reached skill level 10 in Air Magic
 10934 | Lair:2   | Found a sacrificial altar of Ru.
 10964 | Lair:2   | HP: 2/96 [blink frog (4)]
 10973 | Lair:2   | Reached ***** piety under Makhleb
 11599 | Lair:2   | Found a hole to the Spider Nest.
 11644 | Spider:1 | Entered Level 1 of the Spider Nest
 12244 | Lair:2   | Upgraded the game from 0.30-a0-867-g305f33218d to
                  | 0.30-a0-870-gc5d4c5acee
 12367 | Lair:3   | Noticed Fannar
 12565 | Lair:3   | Reached skill level 10 in Spellcasting
 13660 | Lair:4   | Identified the +0 leather armour of Anarchy {-Tele rElec
                  | Int+3}
 13707 | Lair:4   | Reached XP level 14. HP: 85/103 MP: 23/28
 13725 | Lair:4   | HP: 5/103 [elephant (6)]
 13729 | Lair:4   | Reached skill level 10 in Summonings
 13737 | Lair:4   | HP: 5/103 [elephant (12)]
 13739 | Lair:4   | Mangled by an elephant

Illustrated notes

Levels and vault maps discovered:
D:1:      scummos_arrival_star, layout_rooms
D:2:      layout_basic
D:3:      layout_basic, serial_shops, shop, serial_bayou_crossing
D:4:      layout_basic, serial_shops, nicolae_shop_bloodbath_and_beyond,
          gup_sewer_entry_bubbles, uniq_eustachio
D:5:      due_chaos_kobolds, layout_basic,
          mainiacjoe_overflow_concentric_impassable,
          mainiacjoe_overflow_big_doors, uniq_menkaure
D:6:      layout_basic, xom_teletrap_fun, serial_shops,
          nicolae_shop_statue_plus, nicolae_kite_square_tiling_tiny
D:7:      minmay_recursive_quarters, layout_basic,
          minmay_temple_entry_crystal_x, enter_bailey_2, serial_shops,
          nicolae_shop_crystal, nicolae_wooded_promenade, supply_closet_lemuel
D:8:      layout_loops_cross, grunt_lair_entry_orc_guard_hut
D:9:      layout_irregular_city, grunt_temple_overflow_open
Lair:1:   layout_long_grid, basic_altar, infiniplex_staircase_pool_2,
          lemuel_fruit_tree
Lair:2:   layout_gridlike, skrybe_swamp_entry_bodies, dummy_spider_entry,
          basic_altar
Lair:3:   layout_hall_layers, uniq_fannar
Lair:4:   layout_regular_city, serial_rivers, chequers_serial_rivers_micro_d,
          chequers_serial_rivers_large_a, chequers_serial_rivers_micro_b,
          chequers_serial_rivers_micro_d, chequers_serial_rivers_micro_e,
          chequers_serial_rivers_small_b, lookout_lair_type
Swamp:1:  layout_basic_swamp, nicolae_swamp_dense_foliage,
          hangedman_swamp_diagram
Spider:1: layout_spider_delve, nicolae_spider_eight_legs

Skill      XL: |  1  2  3  4  5  6  7  8  9 10 11 12 13 14 |
---------------+-------------------------------------------+-----
Summonings     | 5 6 7 8 9 10 | 10.2
Short Blades   | 1 |  1.2
Spellcasting   | 3 4 6 10 | 10.7
Fighting       | 2 3 4 7 |  7.1
Axes           | 1 5 7 8 |  8.6
Air Magic      | 3 6 9 10 | 10.4
Invocations    | 6 |  6.4
Armour         | 3 |  3.7
Hexes          | 4 |  4.2
Dodging        | |  2.6
Stealth        | |  2.1

Action                     |  1- 3 |  4- 6 |  7- 9 | 10-12 | 13-15 || total
---------------------------+-------+-------+-------+-------+-------++-------
  Melee: Unarmed           |    11 |       |       |       |       ||    11
         Dagger            |    76 |   178 |       |       |       ||   254
         Punch             |     1 |     3 |     2 |     2 |     5 ||    13
         Tailslap          |       |    10 |     2 |     1 |       ||    13
         Hand axe          |       |     4 |   166 |   149 |   188 ||   507
   Cast: Summon Small Mamm |    39 |    22 |    18 |    13 |     4 ||    96
         Call Imp          |     1 |     8 |    17 |    14 |     9 ||    49
         Call Canine Famil |       |     1 |       |     1 |    12 ||    14
         Summon Lightning  |       |       |       |     5 |    12 ||    17
         Summon Guardian G |       |       |       |     1 |     1 ||     2
         Airstrike         |       |       |       |       |     1 ||     1
 Invoke: Minor Destruction |       |       |       |     1 |     4 ||     5
         Lesser Servant of |       |       |       |       |     3 ||     3
    Use: Scroll            |     2 |     4 |     7 |    11 |     4 ||    28
         Potion            |       |     1 |     1 |     6 |     1 ||     9
   Stab: Sleeping          |     1 |     5 |     9 |     7 |     3 ||    25
         Distracted        |       |     2 |     2 |     4 |     6 ||    14
 Armour: Robe              |    11 |    33 |    11 |       |       ||    55
         Leather armour    |       |       |    24 |       |       ||    24
         Steam dragon scal |       |       |       |    59 |   108 ||   167
  Dodge: Dodged            |    57 |   112 |   112 |   121 |   142 ||   544

Table legend: (Time is in decaauts)
 A = Elapsed time spent in this place.
 B = Non-inter-level travel time spent in this place.
 C = Inter-level travel time spent in this place.
 D = Time resting spent in this place.
 E = Time spent auto-exploring this place.
 F = Levels seen in this place.
 G = Mean time per level.
                   A        B        C        D        E       F      G
               +--------+--------+--------+--------+--------+-----+--------+
         Total |  13637 |  13332 |    305 |   2864 |   7320 |  17 |  802.2 |
       Dungeon |   8196 |   7975 |    221 |   1240 |   5091 |   9 |  910.7 |
          Lair |   4644 |   4560 |     84 |   1469 |   1994 |   4 | 1161.0 |
         Swamp |      2 |      2 |      0 |      0 |      0 |   1 |    2.0 |
   Spider Nest |      1 |      1 |      0 |      0 |      0 |   1 |    1.0 |
         Sewer |    582 |    582 |      0 |    111 |    234 |   1 |  582.0 |
        Bailey |    208 |    208 |      0 |     44 |      0 |   1 |  208.0 |
               +--------+--------+--------+--------+--------+-----+--------+

Top non-repeatable levels by time:
  Lair:2: 1612 daAuts
     D:7: 1467 daAuts
  Lair:1: 1406 daAuts
     D:8: 1251 daAuts
     D:3: 1026 daAuts
     D:4: 1022 daAuts
     D:5: 1014 daAuts
  Lair:3: 957 daAuts
     D:2: 924 daAuts
     D:6: 710 daAuts
     D:1: 686 daAuts
  Lair:4: 667 daAuts
   Sewer: 582 daAuts
  Bailey: 208 daAuts
     D:9: 92 daAuts
